 Dungeon Crawl Stone Soup version 0.28.0-47-ge53b351184 (webtiles) character file.

Game seed: 11794830181025656240

140 Exodus22XD the Chopper (level 5, -1/47 HPs)
             Began as a Hill Orc Monk on May 7, 2022.
             Was a Believer of Beogh.
             Slain by a gnoll
             ... wielding a +0 spear
              (7 damage)
             ... on level 3 of the Dungeon.
             The game lasted 00:02:45 (2612 turns).

Exodus22XD the Chopper (Hill Orc Monk)              Turns: 2612, Time: 00:02:45

Health: -1/47      AC:  9    Str: 16    XL:     5   Next: 23%
Magic:  5/5        EV: 11    Int: 10    God:    Beogh [**....]
Gold:   91         SH:  0    Dex: 13    Spells: 4/4 levels left

rFire   + . .      SeeInvis .   t - +0 war axe
rCold   x . .      Faith    .   (no shield)
rNeg    . . .      Spirit   .   u - +0 ring mail
rPois   .          Reflect  .   a - +1 helmet
rElec   .          Harm     +   e - scarf {harm}
rCorr   .          Rampage  .   (no gloves)
Will    +....                   g - +1 pair of boots {Fly}
Stlth   +.........              (no amulet)
HPRegen 0.15/turn               c - ring of willpower
MPRegen 0.09/turn               j - ring of fire

@: flying
A: no striking features
a: Renounce Religion, Smiting


You were on level 3 of the Dungeon.
You worshipped Beogh.
Beogh was pleased with you.
You visited 1 branch of the dungeon, and saw 4 of its levels.

You collected 91 gold pieces.

Inventory:

Hand Weapons
 t - a +0 war axe (weapon)
Armour
 a - a +1 helmet (worn)
 e - a scarf of harm (worn)
 g - a +1 pair of boots of flying (worn)
 u - a +0 ring mail (worn)
Jewellery
 c - a ring of willpower (left hand)
 j - a ring of fire (right hand)
 k - a ring of ice
Wands
 r - a wand of iceblast (6)
Scrolls
 h - a scroll of acquirement {unknown}
 i - a scroll of teleportation {unknown}
 m - 3 scrolls of magic mapping {unknown}
 o - 2 scrolls of noise {unknown}
 q - 2 scrolls of fear {unknown}
Potions
 b - a potion of haste {unknown}
 d - a potion of might {unknown}
 f - 2 potions of invisibility {unknown}
 l - a potion of resistance {unknown}
 n - a potion of attraction {unknown}
 s - a potion of brilliance {unknown}


   Skills:
 + Level 4.8 Fighting
 + Level 5.9 Axes
 * Level 2.3 Armour
 - Level 2.4 Dodging
 - Level 1.5 Stealth


You had 4 spell levels left.
You didn't know any spells.
Your spell library was empty.

Dungeon Overview and Level Annotations

Branches:
Dungeon (4/15)
 Temple: D:4-7

Altars:

Shops:
D:3 *

Annotations:
D:4 Dowan, Duvessa


Message History

You kill the gnoll!
Beogh accepts your kill.
The gnoll hits you from afar with a +0 spear.
There is a stone staircase leading down here.
You fly downwards.
You hear the hiss of flowing sand.
There is an entrance to an ossuary on this level.
Hurry and find it before the portal is buried!
Duvessa shouts!
The gnoll shouts! x3
There is a stone staircase leading up here.
Dowan shouts!
Dowan gestures wildly while chanting.
Dowan blinks!
You fly upwards.
The gnoll hits you with a +0 spear.
There is a stone staircase leading down here.
You closely miss the gnoll.
The gnoll hits you but does no damage. x2
The gnoll hits you from afar with a +0 spear!
The gnoll hits you but does no damage. The gnoll closely misses you.
You closely miss the gnoll. You hit the gnoll.
The gnoll hits you with a +0 spear. The gnoll hits you but does no damage.
You slash the gnoll!
The gnoll is severely wounded.
You hit the gnoll.
The gnoll hits you but does no damage. x2
You barely miss the gnoll.
The gnoll is severely wounded.
You closely miss the gnoll. The gnoll hits you but does no damage.
The gnoll hits you with a +0 spear. x2
* * * LOW HITPOINT WARNING * * *
You barely miss the gnoll.
The gnoll is severely wounded.
You barely miss the gnoll. The gnoll closely misses you.
The gnoll hits you but does no damage.
You hit the gnoll.
The gnoll is almost dead.
You slash the gnoll!
You kill the gnoll!
Beogh accepts your kill. The gnoll hits you with a +0 spear.
* * * LOW HITPOINT WARNING * * *
The gnoll hits you with a +0 spear.
You die...

.........#
#.#.#
.........#
#...#
...†.....#
##..#
.........# #..#
.........# #..#
######
.........# #..#
#....#
.........# #..#
#.##.#
.........#
#)>#######.##.#
>........#
##@#.......##.#
.........#
#g#.########.#
#'########
#.#.# #.# #...#
#.#.# #.# #####
#.#.# #.#
#...########.#
#...)........#
#.############
#.#


You could see a gnoll.

Vanquished Creatures
  Jessica (D:2)
  6 gnolls (D:3)
  3 adders
  2 dart slugs
  An orc (D:3)
  2 bats (D:2)
  4 endoplasms
  3 giant cockroaches
  A goblin (D:3)
  5 hobgoblins
  2 jackals (D:1)
  A quokka (D:3)
  2 frilled lizards (D:1)
  3 kobolds
  2 rats (D:3)
38 creatures vanquished.

Vanquished Creatures (others)
  An orc priest (D:3)
  2 orcs (D:3)
3 creatures vanquished.

Grand Total: 41 creatures vanquished

Notes
Turn   | Place    | Note
-------+----------+-------------------------------------------
     0 | D:1      | Exodus22XD the Hill Orc Monk began the quest for the Orb.
     0 | D:1      | Reached XP level 1. HP: 19/19 MP: 1/1
   561 | D:1      | Reached XP level 2. HP: 26/27 MP: 2/2
   588 | D:1      | Reached skill level 1 in Armour
  1124 | D:2      | Reached XP level 3. HP: 20/33 MP: 3/3
  1439 | D:2      | Found a faded altar of an unknown god.
  1625 | D:2      | Noticed Jessica
  1629 | D:2      | Killed Jessica
  1630 | D:2      | Reached skill level 5 in Axes
  1630 | D:2      | Reached XP level 4. HP: 41/41 MP: 4/4
  1895 | D:3      | Became a worshipper of Beogh the Brigand
  1895 | D:3      | Reached * piety under Beogh
  1895 | D:3      | Reached ** piety under Beogh
  2292 | D:3      | Found Xighaech's Assorted Antiques.
  2540 | D:3      | Reached XP level 5. HP: 47/47 MP: 5/5
  2603 | D:4      | Noticed Duvessa
  2603 | D:4      | Noticed Dowan
  2612 | D:3      | Slain by a gnoll

Illustrated notes

Levels and vault maps discovered:
D:1:      ncdulo_halloftheorcs, layout_loops_ring,
          chequers_serial_rivers_micro_c, minmay_tetromino_t4
D:2:      layout_basic, chequers_ecumenical_altar_grove, grunt_ministairs_7,
          due_unseen_surprise, uniq_jessica
D:3:      layout_basic, serial_shops, shop, pf_guarded_unrand_woodcutter
D:4:      layout_cave_pools, minmay_temple_entry_waves, enter_ossuary_3,
          uniq_edmund, uniq_crazy_yiuf_cottage, uniq_duvessa

Skill      XL: |  1  2  3  4 |
---------------+-------------+-----
Fighting       | 4 |  4.8
Armour         | 1 2 |  2.3
Axes           | 5 |  5.9
Dodging        | |  2.4
Stealth        | |  1.5

Action                   |  1- 3 |  4- 6 || total
-------------------------+-------+-------++-------
Melee: Hand axe          |    60 |    16 ||    76
       Punch             |     3 |     1 ||     4
       War axe           |       |    25 ||    25
Invok: Convert to Beogh  |       |     1 ||     1
 Stab: Sleeping          |     4 |       ||     4
Armor: Robe              |    16 |     2 ||    18
       Ring mail         |       |    18 ||    18
       Leather armour    |       |     2 ||     2
Dodge: Dodged            |    39 |    25 ||    64
